 Dungeon Crawl Stone Soup version 0.17-a0-1404-gb8113a6 (webtiles) character file.

72 urechis the Poker (level 4, 0/33 HPs)
             Began as a Merfolk Gladiator on June 21, 2015.
             Succumbed to an orc's poison
             ... on level 3 of the Dungeon.
             The game lasted 00:03:11 (1517 turns).

urechis the Poker (Merfolk Gladiator)               Turns: 1517, Time: 00:03:12

Health: 0/33       AC:  4    Str: 15    XL:     4   Next: 25%
Magic:  4/4        EV: 13    Int:  7    God:
Gold:   65         SH:  0    Dex: 15    Spells: 0 memorised, 3 levels left

rFire  . . .     SeeInvis .     a - +0 trident
rCold  . . .     Clarity  .     b - +0 leather armour
rNeg   . . .     SustAt   .     (no shield)
rPois  .         Gourm    .     c - +0 helmet
rElec  .         Spirit   .     (no cloak)
rCorr  .         Warding  .     (no gloves)
rMut   .         Stasis   .     (no boots)
MR     .....                    (no amulet)
Stlth  ++........               (no ring)
                                (no ring)

@: lethally poisoned (0 -> -15), not resistant to hostile enchantments,
unstealthy
A: change form in water, swift swim, camouflage 1
a: no special abilities


You were on level 3 of the Dungeon.
You were not hungry.

You visited 1 branch of the dungeon, and saw 3 of its levels.

You collected 65 gold pieces.

Inventory:

Hand weapons
 a - a +0 trident (weapon)
Missiles
 e - 3 throwing nets (quivered)
Armour
 b - a +0 leather armour (worn)
 c - a +0 helmet (worn)
Scrolls
 f - 2 scrolls of teleportation {unknown}
 n - a scroll of identify {unknown}
 o - a scroll of enchant weapon {unknown}
Potions
 g - a potion of beneficial mutation
 j - a potion of mutation {unknown}
 k - a potion of heal wounds {unknown}
 l - a potion of curing {unknown}
 m - a potion of cancellation {unknown}
Comestibles
 d - a bread ration
 h - 2 meat rations
 i - a slice of pizza
 p - 4 fruits
 q - a chunk of flesh


   Skills:
 - Level 2.1 Fighting
 + Level 7.2 Polearms
 - Level 2.0 Throwing
 - Level 4.0 Dodging


You had 3 spell levels left.
You didn't know any spells.

Dungeon Overview and Level Annotations

Branches:
Dungeon (3/15)

Altars:

Annotations:
D:2 Robin


Innate Abilities, Weirdness & Mutations

You revert to your normal form in water.
You are very nimble and swift while swimming.
Your skin changes colour to match your surroundings (Stealth).


Message History

You are too injured to fight recklessly!
You closely miss the orc.
The orc is severely wounded.
* * * LOW HITPOINT WARNING * * *
You feel sick.
You hit the orc.
The orc is almost dead.
* * * LOW HITPOINT WARNING * * *
You feel sick. The orc misses you.
You closely miss the orc.
The orc is almost dead.
The orc hits you with a flail of venom.
* * * LOW HITPOINT WARNING * * *
You are more poisoned.
An orc comes into view.
Drink which item? (? for menu, Esc to quit)
It was a potion of beneficial mutation.
Your skin functions as natural camouflage.
You feel fantastic!
You die...

.#...##...รท.........
..(.......<)........
..........>(.....#..
#..................
...###.###.........
#.###..........##
##................
#..(##.##....#....
#@#.##.##.........
#o#...............
#o#..............#
#o#######.........
%.. #...<# o..
.............. ...
..........##.#
...............#
..[.......#


You could see 4 orcs.

Vanquished Creatures
  2 adders (D:2)
  3 worms
  4 giant geckos
  An orc (D:3)
  A ball python (D:1)
  5 bats
  A giant cockroach (D:2)
  3 hobgoblins (D:1)
  2 jackals (D:1)
  4 giant newts
  6 goblins
  4 kobolds
  6 rats
42 creatures vanquished.

Notes
Turn   | Place    | Note
--------------------------------------------------------------
     0 | D:1      | urechis the Merfolk Gladiator began the quest for the Orb.
     0 | D:1      | Reached XP level 1. HP: 16/16 MP: 1/1
    38 | D:1      | Reached skill level 5 in Polearms
    85 | D:1      | Reached XP level 2. HP: 20/22 MP: 2/2
   448 | D:1      | Reached skill level 6 in Polearms
   448 | D:1      | Reached XP level 3. HP: 17/27 MP: 3/3
  1251 | D:2      | Reached skill level 7 in Polearms
  1251 | D:2      | Reached XP level 4. HP: 24/33 MP: 4/4
  1340 | D:2      | Noticed Robin
  1517 | D:3      | Gained mutation: Your skin changes colour to match your surroundings (Stealth). [potion of beneficial mutation]
  1517 | D:3      | Succumbed to an orc's poison

Vault maps used:
D:1:      shiori_arrival_elements, nrook_mini_vaults
D:2:      nicolae_overflow_hidden_temple, uniq_robin
D:3:      ecumenical_altar_2

Action                   |  1- 3 |  4- 6 || total
-------------------------+-------+-------++-------
Melee: Trident           |   109 |    40 ||   149
  Use: Potion            |       |     1 ||     1
 Stab: Sleeping          |     4 |       ||     4
  Eat: Chunk             |     1 |     1 ||     2
